 Seeded DCSS version 0.27.1-1-g398f81649c (webtiles) character file.

Game seed: 16833236049872184031 (custom seed)

43 aster the Sneak (level 3, 0/37 HPs)
             Began as an Octopode Brigand on Sept 13, 2021.
             Succumbed to an adder's poison
             ... on level 2 of the Dungeon.
             The game lasted 00:02:41 (1256 turns).

aster the Sneak (Octopode Brigand)                  Turns: 1256, Time: 00:02:41

Health: 0/37       AC: 21    Str: 10    XL:     3   Next: 58%
Magic:  1/3        EV:  2    Int: 13    God:
Gold:   52         SH:  0    Dex: 14    Spells: 2/2 levels left

rFire    . . .     SeeInvis +   a - +2 dagger
rCold    . . .     Faith    .   (no shield)
rNeg     + + +     Spirit   +   (helmet currently unavailable)
rPois    +         Reflect  .   e - amulet "Ulokh" {Spirit rElec Will+}
rElec    +         Harm     .   g - ring of see invisible
rCorr    .         Rampage  .   (no ring)
Will     +....     NoTele   +   (no ring)
Stlth    +++.......             (no ring)
HPRegen  0.12/turn              (no ring)
MPRegen  0.08/turn              (no ring)
                                (no ring)
                                (no ring)

@: lethally poisoned (0 -> -1), tree-form, studying Short Blades
A: stationary, stasis, torment immunity, boosted hp, almost no armour,
(amphibious), 8 rings, (camouflage 1), (gelatinous body 1), (nimble swimmer 1),
(tentacles)
a: no special abilities


You were on level 2 of the Dungeon.
You were a tree.
You visited 1 branch of the dungeon, and saw 2 of its levels.

You collected 52 gold pieces.

Inventory:

Hand Weapons
 a - a +2 dagger (weapon)
Missiles
 b - 8 poisoned darts (quivered)
 c - 2 curare-tipped darts
Armour
 j - a +0 hat of stealth
Jewellery
 e - the amulet "Ulokh" (around neck) {Spirit rElec Will+}
   (You acquired it on level 1 of the Dungeon)

   [amulet of guardian spirit]

   It causes incoming damage to be divided between your reserves of health and
   magic.
   rElec:     It insulates you from electricity.
   Will:      It increases your willpower.
 g - a ring of see invisible (left branch)
Scrolls
 f - a scroll of brand weapon {unknown}
 i - a scroll of identify {unknown}
Potions
 h - a potion of might {unknown}


   Skills:
 + Level 2.4 Fighting
 * Level 2.7 Short Blades
 + Level 2.3 Throwing
 + Level 1.5 Dodging
 + Level 5.6 Stealth


You had 2 spell levels left.
You didn't know any spells.
Your spell library contained the following spells:

 Spells                   Type           Power      Damage    Failure   Level
 Portal Projectile        Hex/Tloc       0%         N/A       67%         3
 Blade Hands              Tmut           0%         N/A       100%        5
 Excruciating Wounds      Necr           0%         N/A       100%        5


Dungeon Overview and Level Annotations

Branches:
Dungeon (2/15)

Altars:


Innate Abilities, Weirdness & Mutations

You are a tree.
Your roots penetrate the ground, keeping you stationary.
You cannot be teleported.
You are immune to unholy pain and torment.
Your maximum health is greatly increased.
You cannot wear most types of armour.
((You are amphibious.))
You can wear up to eight rings at the same time.
((Your skin changes colour to match your surroundings (Stealth+).))
((Your rubbery body absorbs attacks. (AC +1, EV +1)))
((You are camouflaged near water. (Stealth+)))
((You have tentacles for arms and can constrict up to eight enemies at once.))


Message History

You are too injured to fight recklessly!
You are too injured to fight recklessly!
You barely miss the adder.
The adder is heavily wounded.
You constrict the adder.
You feel sick. The adder bites you but does no damage. The kobold misses you.
The frilled lizard closely misses you.
You hit the adder.
You kill the adder!
You feel sick.
The kobold hits you with a +0 short sword.
* * * LOW HITPOINT WARNING * * *
The frilled lizard bites you.
* * * LOW HITPOINT WARNING * * *
You barely miss the frilled lizard. Your grab misses the frilled lizard.
* * * LOW HITPOINT WARNING * * *
You feel sick. The kobold barely misses you.
The frilled lizard closely misses you.
You miss the frilled lizard. Your grab misses the frilled lizard.
* * * LOW HITPOINT WARNING * * *
You feel sick. The kobold hits you but does no damage.
The frilled lizard closely misses you.
You closely miss the frilled lizard. You grab the frilled lizard.
You squeeze the frilled lizard.
You kill the frilled lizard!
* * * LOW HITPOINT WARNING * * *
You feel sick. The kobold barely misses you.
You hit the kobold. Your grab misses the kobold.
Your squeeze misses the kobold.
The kobold is severely wounded.
You hit the kobold.
You kill the kobold!
* * * LOW HITPOINT WARNING * * *
You feel sick.
There is a lethal amount of poison in your body!
It was a potion of lignification.
You turn into a tree.
Your roots penetrate the ground.
* * * LOW HITPOINT WARNING * * *
You feel sick.
There is a lethal amount of poison in your body!
You die...

#### ....
#<.######....
##........$..
#...........
#...........
##...........
+............
##...........
#.†♣.....###
......)†.....#
##...........#
#.....#######
#..... #.....
#..... ######


There were no monsters in sight!

Vanquished Creatures
  An adder (D:2)
  A dart slug (D:2)
  3 ball pythons (D:1)
  A bat (D:1)
  2 endoplasms (D:1)
  A giant cockroach (D:1)
  5 goblins (D:1)
  4 hobgoblins (D:1)
  4 kobolds
  4 frilled lizards
  4 rats (D:1)
30 creatures vanquished.

Notes
Turn   | Place    | Note
-------+----------+-------------------------------------------
     0 | D:1      | aster the Octopode Brigand began the quest for the Orb.
     0 | D:1      | Reached XP level 1. HP: 14/14 MP: 1/1
   139 | D:1      | Reached XP level 2. HP: 19/19 MP: 2/2
   180 | D:1      | Found a faded altar of an unknown god.
   477 | D:1      | Reached XP level 3. HP: 8/25 MP: 3/3
  1196 | D:1      | Identified 3 scrolls of acquirement
  1196 | D:1      | Acquired a +0 hat of stealth
  1200 | D:1      | Acquired a manual of Short Blades
  1202 | D:1      | Acquired the amulet "Ulokh" {Spirit rElec Will+}
  1254 | D:2      | HP: 1/25 [poisoned by an adder]
  1256 | D:2      | Succumbed to an adder's poison

Illustrated notes

Levels and vault maps discovered:
D:1:      dpeg_arrival_round_b, layout_basic, shapermc_ecumenical_altar_ellora
D:2:      layout_basic, basic_altar, minmay_small_reverse_x

Action                   || total
-------------------------++-------
Melee: Dagger            ||    56
       Constrict         ||    11
       Tentacles         ||     4
  Use: Scroll            ||     3
       Potion            ||     1
 Stab: Sleeping          ||    12
Armor: Skin              ||     6
Dodge: Dodged            ||    30
